Match 42519319
Unlisted

Match 42519319
End
Construct Barracks
Construct Barracks
Selects Advanced Infantry Battlegroup
Riflemen Squad
Riflemen Squad
Riflemen Squad
1⁄4-ton 4x4 Truck
Construct Medical Station
Selects Convert to Ranger Squad
Convert to Ranger Squad
Grenade Package
Infantry Support Center
Advanced Logistics
Selects Frontline Medical Station
Convert to Ranger Squad
Riflemen Squad
Survival Training
Selects Ranger Weapon Training
Dennis
(502) Bad Gateway
0
0

Comments sign in to comment!

No comments posted yet!